 Dungeon Crawl Stone Soup version 0.16-a0-3062-g2c62648 (webtiles) character file.

4 kroki the Vexing (level 1, -1/7 HPs)
             Began as a Felid Enchanter on Dec 10, 2014.
             Slain by a hobgoblin
             ... wielding a cursed -3 club
              (4 damage)
             ... on level 1 of the Dungeon.
             The game lasted 00:01:49 (598 turns).

kroki the Vexing (Felid Enchanter)                   Turns: 598, Time: 00:01:49

Health: -1/7       AC:  1    Str:  4    XL:     1   Next: 50%
Magic:  3/4        EV: 18    Int: 16    God:
Gold:   67         SH:  0    Dex: 16    Spells: 1 memorised, 3 levels left
                                        Lives:  0   Deaths: 0

rFire  . . .     SeeInvis +       - Unarmed
rCold  . . .     Clarity  .     (armour unavailable)
rNeg   . . .     SustAb   .     (shield unavailable)
rPois  .         Gourm    .     (helmet unavailable)
rElec  .         Spirit   .     (cloak unavailable)
rCorr  .         Warding  .     (gloves unavailable)
rMut   .         Stasis   .     (boots unavailable)
MR     .....                    (no amulet)
Stlth  +++.......               (no ring)
                                (no ring)

@: quick, not resistant to hostile enchantments, fairly stealthy
A: paw claws, no armour, no weapons or thrown items, fangs 3, see invisible,
carnivore 3, speed 1, shaggy fur 1, slow metabolism 1
a: no special abilities


You were on level 1 of the Dungeon.
You were not hungry.

You visited 1 branch of the dungeon, and saw 2 of its levels.

You collected 67 gold pieces.

Inventory:

Scrolls
 a - a scroll of magic mapping {unknown}
Books
 c - a book of Maledictions
Comestibles
 b - a slice of pizza
 d - 2 meat rations


   Skills:
 - Level 2.6 Dodging
 + Level 4.3 Stealth
 + Level 1.2 Unarmed Combat
 - Level 2.0 Spellcasting
 - Level 4.4 Hexes


You had 3 spell levels left.
You knew the following spells:

 Your Spells              Type           Power        Failure   Level  Hunger
a - Corona                Hex            ###....      4%          1    #......


Innate Abilities, Weirdness & Mutations

You cannot wear armour.
You are incapable of wielding weapons or throwing items.
Your paws have sharp claws.
You have razor-sharp teeth.
You have supernaturally acute eyesight.
You are carnivorous and can eat meat at any time.
You cover ground quickly.
You are covered in fur (AC +1).
You have a slow metabolism.

Dungeon Overview and Level Annotations

Branches:
Dungeon (2/15)

Altars:

#### #....#####......
...######....#..........
...........))...........
##...####..).............
...###......####.####...
....##.######.......####
###....###.............##
######[##......(g.......##
.......#........@........#
###....#.......⌠>⌠.......#
#.?..#........⌠........#
......#.................#
..###..##...............##
.. ##.###.............## #
..######.......#####
.###...####.####...###
##.......##'##.......##


You could see a hobgoblin (bleeding).


Message History

You start resting.
HP restored.
You climb upwards.
The hobgoblin shouts!
There is a stone staircase leading down here.
Casting: Corona
Aiming: Corona
Aim: a hobgoblin, wielding a club The hobgoblin is outlined in light.
The hobgoblin hits you with a club.
There is a fountain of clear blue water here.
You take 2 damage.
You are too injured to fight recklessly!
You are too injured to fight recklessly!
You are too injured to fight recklessly!
You are too injured to fight recklessly!
You scratch the hobgoblin but do no damage.
The hobgoblin misses you.
You barely miss the hobgoblin. The hobgoblin hits you with a club.
* * * LOW HITPOINT WARNING * * *
You take 2 damage.
You scratch the hobgoblin.
The hobgoblin begins to bleed from its wounds!
The hobgoblin is moderately wounded.
The hobgoblin closely misses you.
You scratch the hobgoblin but do no damage.
The hobgoblin is moderately wounded.
The hobgoblin hits you with a club.
Ouch! That really hurt!
You die...

Notes
Turn   | Place    | Note
--------------------------------------------------------------
     0 | D:1      | kroki, the Felid Enchanter, began the quest for the Orb.
     0 | D:1      | Reached XP level 1. HP: 7/7 MP: 4/4
   598 | D:1      | Slain by a hobgoblin

Vanquished Creatures
  A goblin (D:1)
  A hobgoblin (D:1)
  2 kobolds (D:1)
4 creatures vanquished.

Action                   || total
-------------------------++-------
Melee: Unarmed           ||    16
 Cast: Corona            ||     6
 Stab: Sleeping          ||     1
  Eat: Chunk             ||     1

Vault maps used:
D:1:      dpeg_arrival_three_bigger_balls
D:2:      minitemple, evilmike_ruin_ashenzari, uniq_sigmund, uniq_jessica,
          uniq_iyjb
